 Dungeon Crawl Stone Soup version 0.24.0-125-gc4c63601f3 (webtiles) character file.

Game seed: 15568986691626776041, levelgen mode: deterministic

591 H0rd4k the Charlatan (level 7, -6/51 HPs)
             Began as a Human Artificer on Feb 21, 2020.
             Mangled by an ice beast (14 damage)
             ... on level 6 of the Dungeon on Feb 24, 2020.
             The game lasted 00:09:19 (4844 turns).

H0rd4k the Charlatan (Human Artificer)              Turns: 4844, Time: 00:09:19

Health: -6/51      AC:  7    Str: 11 (14) XL:     7   Next: 66%
Magic:  19/19      EV: 12    Int:  9 (12) God:
Gold:   269        SH:  0    Dex: 10 (13) Spells: 6/6 levels left

rFire    . . .     SeeInvis .   t - +0 long sword
rCold    . . .     Gourm    .   (no shield)
rNeg     . . .     Faith    .   b - +1 leather armour
rPois    .         Spirit   .   (no helmet)
rElec    .         Reflect  .   l - scarf {repulsion}
rCorr    .         Harm     .   k - +2 pair of gloves
MR       +....                  (no boots)
Stlth    ++........             (no amulet)
HPRegen  0.17/turn              j - ring of protection from magic
MPRegen  0.16/turn              m - ring of magical power

@: repel missiles
A: no striking features
a: no special abilities


You were on level 6 of the Dungeon.
You were not hungry.

You visited 1 branch of the dungeon, and saw 7 of its levels.

You collected 269 gold pieces.

Inventory:

Hand Weapons
 a - a +0 short sword
 t - a +0 long sword (weapon)
 u - the +1 dagger of the Desert {pierce, rElec MR+ Int-4}
   (You found it on level 5 of the Dungeon)

   It inflicts extra damage upon your enemies.
   It affects your intelligence (-4).
   It insulates you from electricity.
   It affects your resistance to hostile enchantments.
Missiles
 c - 27 poisoned darts (quivered)
Armour
 b - a +1 leather armour (worn)
 k - a +2 pair of gloves (worn)
 l - a scarf of repulsion (worn)
 s - +0 acid dragon scales
Jewellery
 j - a ring of protection from magic (left hand)
 m - a ring of magical power (right hand)
 q - an uncursed ring of protection from cold
Wands
 d - a wand of enslavement (10)
 e - a wand of random effects (1)
Scrolls
 g - 4 scrolls of remove curse
 h - 8 scrolls of identify
 o - a scroll of fear
 p - 2 scrolls of teleportation
Potions
 i - a potion of berserk rage
Comestibles
 f - 7 rations


   Skills:
 + Level 2.4 Fighting
 + Level 3.8(4.1) Short Blades
 + Level 2.1(3.3) Long Blades
 + Level 0.3 Throwing
 + Level 2.8 Armour
 + Level 2.9 Dodging
 + Level 2.0 Stealth
 + Level 4.7 Evocations


You had 6 spell levels left.
You didn't know any spells.
Your spell library was empty.

Dungeon Overview and Level Annotations

Branches:
Dungeon (7/15)
 Temple: D:4-7

Altars:
Elyvilon
Fedhas
Hepliaklqana
Kikubaaqudgha
Qazlal
Uskayaw
Wu Jian
Yredelemnul

Annotations:
D:1 exclusion: downstairs
D:2 exclusion: downstairs
D:3 exclusion: upstairs, Pikel
D:4 Grinder
D:5 2 transporters, exclusion: downstairs, abdbla's ghost, novice DsFi


Message History

You hit the ice beast but do no damage.
The ice beast is almost dead.
The ice beast barely misses you.
The ice beast hits you but does no damage.
You hit the ice beast but do no damage.
The ice beast is almost dead.
The ice beast hits you but does no damage.
You closely miss the ice beast.
The ice beast is almost dead.
The ice beast hits you but does no damage.
You closely miss the ice beast.
The ice beast is almost dead.
The ice beast hits you. The ice beast freezes you!
* * * LOW HITPOINT WARNING * * *
You closely miss the ice beast.
The ice beast is almost dead.
The ice beast hits you.
* * * LOW HITPOINT WARNING * * *
The ice beast freezes you!
You die...

......##..# #..........#
......##.####..........#
........[..##..........#
.....##..#.............#
........#####......>...#
########..............##
#................##
+.........##Y###.#
+..8....[.##@###.####
+...................#
#...................#
####................#
###..##..........#
#..##..........#
#..##..........#
##.....>.......#
##............#


You could see an ice beast.

Vanquished Creatures
  Edmund (D:5)
  A bullfrog (D:5)
  Blork the orc (D:6)
  A crimson imp (D:5)
  A jelly (D:6)
  A hound (D:5)
  Jessica (D:2)
  Natasha (thrice) (D:2)
  An iguana (D:6)
  A hound skeleton (D:7)
  5 adders
  A worm (D:2)
  A dart slug (D:1)
  2 leopard geckos
  2 orcs
  7 bats
  3 giant cockroaches
  2 gnoll zombies (D:5)
  7 hobgoblins
  6 frilled lizards
  A giant cockroach zombie (D:5)
  4 goblins
  8 kobolds
  2 leopard gecko skeletons
  A quokka zombie (D:7)
  6 rats
70 creatures vanquished.

Vanquished Creatures (collateral kills)
  2 jackals (D:1)
  A rat (D:1)
3 creatures vanquished.

Vanquished Creatures (others)
  A slave (D:3)
  2 jackals (D:1)
3 creatures vanquished.

Grand Total: 76 creatures vanquished

Notes
Turn   | Place    | Note
-------+----------+-------------------------------------------
     0 | D:1      | H0rd4k the Human Artificer began the quest for the Orb.
     0 | D:1      | Reached XP level 1. HP: 15/15 MP: 3/3
   409 | D:1      | Reached XP level 2. HP: 21/21 MP: 4/4
   549 | D:1      | Reached XP level 3. HP: 14/26 MP: 5/5
  1036 | D:2      | Reached skill level 4 in Evocations
  1063 | D:2      | Noticed Jessica
  1068 | D:2      | Killed Jessica
  1068 | D:2      | Reached skill level 1 in Armour
  1068 | D:2      | Reached XP level 4. HP: 20/32 MP: 7/7
  1069 | D:2      | Noticed Natasha
  1139 | D:2      | Killed Natasha
  1268 | D:2      | Reached XP level 5. HP: 23/37 MP: 8/8
  1382 | D:2      | Noticed Natasha
  1387 | D:2      | Killed Natasha
  1721 | D:2      | Noticed Natasha
  1722 | D:2      | Killed Natasha
  1889 | D:3      | Found a white marble altar of Elyvilon.
  2107 | D:3      | Found an ancient bone altar of Kikubaaqudgha.
  2108 | D:3      | Found a stormy altar of Qazlal.
  2630 | D:4      | Noticed a slave
  2631 | D:4      | Noticed a slave
  2631 | D:4      | Noticed Pikel
  2640 | D:4      | Noticed a slave
  2876 | D:2      | Found a hazy altar of Hepliaklqana.
  3086 | D:4      | Noticed a slave
  3369 | D:4      | Noticed Grinder
  3377 | D:5      | Entered Level 5 of the Dungeon
  3431 | D:5      | Got a crystal dagger
  3432 | D:5      | Identified the cursed +1 dagger of the Desert {pierce,
                  | rElec MR+ Int-4} (You found it on level 5 of the Dungeon)
  3464 | D:5      | Noticed Edmund
  3470 | D:5      | Reached XP level 6. HP: 40/44 MP: 9/9
  3482 | D:5      | HP: 2/44 [Edmund/+2 dire flail of holy wrath (11)]
  3484 | D:5      | Killed Edmund
  3722 | D:5      | Found a basalt altar of Yredelemnul.
  3785 | D:5      | Noticed a sky beast
  3929 | D:5      | Reached XP level 7. HP: 39/50 MP: 10/10
  4047 | D:5      | Found a transporter.
  4048 | D:5      | Found a transporter.
  4050 | D:5      | Noticed abdbla's ghost (novice DsFi)
  4100 | D:5      | Found a blossoming altar of Fedhas.
  4105 | D:5      | Found a hide-covered altar of Uskayaw.
  4108 | D:5      | Found an ornate altar of the Wu Jian Council.
  4150 | D:5      | Reached skill level 1 in Long Blades
  4422 | D:6      | Noticed Blork the orc
  4428 | D:6      | Killed Blork the orc
  4844 | D:6      | Mangled by an ice beast

Levels and vault maps discovered:
D:1:      psy_arrival_dodecagon, layout_loops_ring,
          chequers_serial_rivers_micro_c, minmay_curled_crystal,
          minmay_misc_feat_doors, minmay_misc_feat_rugged,
          chequers_serial_rivers_micro_b, chequers_serial_rivers_micro_e,
          dk_noncrumbling_3, minmay_misc_feat_secret_circle
D:2:      layout_rooms, lemuel_coloured_pillars_altar, uniq_jessica,
          uniq_natasha
D:3:      layout_basic, gammafunk_temple_overflow_statue, elyvilon_altar_5,
          first_ration
D:4:      cheibrodos_thug_alley, layout_cave_pools,
          minmay_temple_entry_mini_moons, serial_shops, shop_fountains,
          kennysheep_little_box, uniq_pikel, uniq_grinder, uniq_robin
D:5:      layout_basic, lemuel_zombie_altar_yredelemnul, minitemple,
          gammafunk_ghost_arena, uniq_edmund
D:6:      layout_rooms, slow_altar_2, uniq_menkaure, uniq_duvessa,
          uniq_blork_the_orc
D:7:      layout_gridville, led_sif_book, grunt_gozag_statues,
          nicolae_dithmenos_the_darkroom

Skill      XL: |  1  2  3  4  5  6  7 |
---------------+----------------------+-----
Evocations     | 4 |  4.7
Armour         | 1 2 |  2.8
Short Blades   | 2 3 |  3.8
Fighting       | 2 |  2.4
Long Blades    | 2 |  2.1
Stealth        | 2 |  2.0
Throwing       | |  0.3
Dodging        | |  2.9

Action                   |  1- 3 |  4- 6 |  7- 9 || total
-------------------------+-------+-------+-------++-------
Melee: Short sword       |    75 |   174 |       ||   249
       Long sword        |       |    29 |    51 ||    80
       Dagger            |       |    31 |       ||    31
Throw: Dart              |       |     5 |     2 ||     7
Evoke: Wand              |     4 |    24 |     6 ||    34
  Use: Scroll            |       |     6 |       ||     6
       Potion            |       |     5 |     1 ||     6
 Stab: Sleeping          |     2 |       |     1 ||     3
  Eat: Chunk             |       |     5 |     4 ||     9
       Ration            |       |     1 |       ||     1
Armor: Leather armour    |    11 |    70 |    23 ||   104
Dodge: Dodged            |    46 |   128 |    42 ||   216
       Rpst.: Long sword |       |     9 |    18 ||    27
